Map: [ESL] Alcyone

Players

SKillous

  • Race: Protoss Protoss
  • League: Grandmaster
  • Spawn Location: 1:00

Spirit (souL) - Winner!

  • Race: Terran Terran
  • League: Master
  • Spawn Location: 7:00

VOD

Have the link to the VOD?

Description

Time

  • Played on: Nov. 25, 2023, 11:08 a.m.
  • Length: 11:20
Show
View Real Time Build Order
Export as new Build Order

SKillous Protoss 

Build Orders: 1 Gate Expand, Blink Stalkers 

Get SALT Encoding   

  12  0:00  Probe  
  13  0:12  Probe  
  14  0:17  Pylon  
  14  0:24  Probe  
  15  0:35  Gateway  
  15  0:36  Probe (Chrono Boost)  
  15  0:42  Assimilator  
  16  0:46  Probe (Chrono Boost)  
  17  0:53  Probe  
  18  1:05  Probe  
  19  1:17  Probe  
  20  1:24  Cybernetics Core  
  20  1:32  Nexus  
  20  1:39  Pylon  
  20  1:42  Probe  
  21  1:47  Assimilator  
  21  1:54  Probe  
  21  1:57  Adept (Chrono Boost)  
  21  2:01  Warp Gate  
  24  2:06  Probe  
  25  2:17  Adept (Chrono Boost)  
  25  2:18  Probe  
  28  2:30  Twilight Council, Probe  
  29  2:42  Stalker  
  32  2:44  Probe (Chrono Boost)  
  32  2:49  Probe (Chrono Boost)  
  33  2:54  Probe (Chrono Boost)  
  33  2:57  Probe (Chrono Boost)  
  35  2:59  Probe (Chrono Boost)  
  35  3:05  Blink (Chrono Boost)  
  36  3:08  Probe  
  36  3:11  Probe  
  38  3:20  Probe  
  38  3:23  Probe  
  38  3:25  Gateway  
  40  3:31  Robotics Facility  
  40  3:32  Probe  
  41  3:35  Probe  
  42  3:44  Probe  
  42  3:47  Probe  
  44  3:54  Pylon  
  44  3:56  Probe  
  44  3:57  Nexus  
  44  3:59  Probe  
  44  4:04  Stalker  
  44  4:06  Pylon  
  46  4:12  Probe x2  
  46  4:13  Shield Battery  
  46  4:17  Assimilator  
  48  4:22  Stalker  
  52  4:24  Probe x2  
  52  4:28  Stalker  
  52  4:30  Immortal (Chrono Boost)  
  56  4:34  Shield Battery  
  56  4:41  Pylon  
  56  4:43  Shield Battery  
  56  4:46  Sentry  
  58  4:53  Probe  
  58  4:57  Stalker, Immortal (Chrono Boost)  
  58  4:58  Probe  
  66  5:05  Probe  
  67  5:09  Probe  
  67  5:17  Stalker  
  67  5:18  Probe x2  
  67  5:19  Charge  
  71  5:21  Probe  
  71  5:24  Shield Battery  
  71  5:25  Stalker  
  74  5:30  Forge, Probe x2  
  74  5:33  Probe  
  77  5:39  Observer (Chrono Boost)  
  77  5:42  Probe x2  
  80  5:43  Pylon  
  80  5:44  Assimilator  
  80  5:45  Robotics Bay  
  80  5:50  Shield Battery, Pylon  
  80  5:53  Observer  
  80  5:54  Probe  
  80  5:55  Probe x2  
  84  5:57  Pylon  
  84  6:03  Zealot x2  
  84  6:06  Probe  
  84  6:07  Probe  
  78  6:13  Probe  
  78  6:18  Observer  
  70  6:19  Probe x2 (Chrono Boost)  
  70  6:21  Protoss Ground Weapons Level 1 (Chrono Boost)  
  69  6:28  Stalker x2  
  69  6:29  Pylon  
  69  6:31  Probe x3 (Chrono Boost)  
  69  6:32  Colossus (Chrono Boost)  
  76  6:36  Probe (Chrono Boost)  
  84  6:42  Pylon  
  84  6:44  Gateway  
  84  6:45  Gateway  
  84  6:46  Gateway  
  82  6:47  Gateway  
  82  6:52  Pylon  
  82  6:54  Sentry  
  84  6:55  Zealot  
  84  6:58  Pylon  
  86  7:12  Pylon, Colossus (Chrono Boost)  
  92  7:19  Gateway  
  92  7:22  Gateway  
  92  7:23  Pylon  
  92  7:27  Zealot x2  
  96  7:31  Templar Archives  
  96  7:35  Nexus, Pylon  
  96  7:37  Extended Thermal Lance, Pylon  
  96  7:44  Pylon  
  96  7:45  Probe  
  96  7:49  Pylon  
  96  7:51  Observer  
  97  7:54  Pylon  
  97  7:58  Zealot x3  
  97  8:00  Zealot  
  97  8:01  Probe  
  97  8:02  Warp Prism (Chrono Boost)  
  108  8:08  Zealot x2  
  108  8:10  Probe  
  113  8:14  Photon Cannon  
  113  8:15  High Templar  
  115  8:25  Probe  
  116  8:31  Probe  
  112  8:35  Probe  
  112  8:36  Protoss Air Armor Level 1  
  112  8:37  Photon Cannon  
  112  8:38  Probe  
  112  8:40  Stalker x3  
  112  8:41  Observer (Chrono Boost)  
  120  8:43  High Templar  
  120  8:44  Zealot  
  122  8:51  Probe  
  122  8:54  Probe  
  112  8:57  Archon  
  112  8:58  Zealot  
  112  8:59  Zealot x2  
  112  9:02  Probe  
  111  9:04  Probe  
  111  9:06  Probe  
  111  9:07  Colossus (Chrono Boost)  
  113  9:10  Protoss Ground Weapons Level 2 (Chrono Boost)  
  113  9:17  Stalker x2  
  124  9:22  Shield Battery  
  123  9:25  Forge  
  123  9:28  Zealot  
  123  9:29  Zealot, Sentry  
  123  9:30  Zealot  
  131  9:34  Probe  
  125  9:45  Zealot x3  
  113  9:46  Zealot, Probe  
  113  9:47  Observer  
  113  9:49  Zealot  
  113  9:52  Colossus (Chrono Boost)  
  108  9:53  Zealot x3  
  108  9:58  Probe  
  97  10:07  Zealot x4  
  97  10:11  Zealot  
  100  10:15  Pylon  
  100  10:17  Stalker x2  
  100  10:18  Stalker  
  72  10:31  Zealot x3  
  84  10:37  Sentry  
  84  10:39  Zealot  
  85  10:46  Zealot x3  
  91  10:58  Robotics Facility  
  91  11:02  Zealot x2, Nexus  
  95  11:11  Pylon  
Show
View Real Time Build Order
Export as new Build Order

Spirit Terran - Winner!

Build Orders:  

Get SALT Encoding   

  12  0:00  SCV  
  13  0:12  SCV  
  14  0:16  Supply Depot  
  14  0:24  SCV  
  15  0:38  SCV  
  15  0:39  Barracks  
  16  0:44  Refinery  
  16  0:50  SCV  
  17  1:02  SCV  
  18  1:14  SCV  
  19  1:26  Orbital Command, Marine  
  20  1:43  Command Center  
  20  1:46  Barracks Reactor  
  20  1:53  Supply Depot  
  20  1:54  SCV  
  21  2:05  Barracks  
  21  2:08  SCV  
  22  2:16  Barracks  
  22  2:20  SCV  
  23  2:23  Marine  
  23  2:24  Marine  
  25  2:32  SCV  
  25  2:33  Bunker  
  26  2:41  Marine  
  26  2:42  Marine  
  28  2:44  SCV  
  29  2:52  Barracks Tech Lab  
  29  2:56  Orbital Command, SCV  
  30  2:59  Marine x2  
  32  3:05  Barracks Tech Lab  
  32  3:08  SCV  
  33  3:13  Stimpack  
  33  3:15  Marine  
  33  3:17  Marine  
  35  3:20  SCV  
  35  3:21  SCV  
  35  3:24  Combat Shield  
  35  3:26  Marine  
  38  3:28  Marine  
  38  3:31  Supply Depot  
  38  3:32  SCV  
  38  3:33  SCV  
  41  3:35  Marine  
  41  3:41  Refinery  
  43  3:45  SCV x2  
  45  3:49  Supply Depot  
  45  3:53  Marauder  
  45  3:54  Marauder  
  48  3:56  Marine  
  48  3:57  SCV  
  48  3:59  SCV  
  48  4:02  Supply Depot  
  51  4:06  Marine  
  51  4:09  SCV  
  53  4:11  SCV  
  53  4:14  Marine  
  55  4:19  Engineering Bay  
  55  4:21  SCV  
  55  4:22  Marine  
  55  4:23  SCV  
  58  4:30  Marine, Marauder  
  61  4:33  SCV, Factory  
  61  4:35  Refinery  
  61  4:37  Supply Depot  
  62  4:40  SCV, Marauder  
  62  4:45  Terran Infantry Weapons Level 1, SCV  
  66  4:50  Refinery  
  66  4:51  Marine x2, Marauder  
  70  4:57  Supply Depot  
  70  4:59  SCV  
  71  5:01  SCV, Marine  
  71  5:04  Supply Depot  
  71  5:06  Concussive Shells  
  73  5:09  Marine  
  73  5:11  SCV  
  73  5:13  Marauder  
  75  5:16  Marine  
  75  5:17  SCV  
  75  5:19  Starport, Marauder  
  75  5:20  Factory Reactor  
  79  5:23  SCV  
  79  5:27  Marine  
  81  5:28  Supply Depot  
  81  5:29  SCV  
  81  5:34  Marine, Marauder  
  81  5:35  SCV  
  82  5:41  Marauder  
  84  5:45  Marine  
  84  5:46  Command Center  
  85  5:52  Marine  
  85  5:56  Supply Depot, Marauder  
  88  5:58  SCV x2  
  88  6:02  Factory Reactor, Medivac x2  
  94  6:08  Marine  
  94  6:10  Marine  
  84  6:13  Marauder  
  84  6:16  SCV, Marine  
  71  6:25  Marine  
  71  6:28  Marine  
  71  6:32  Medivac  
  72  6:33  SCV  
  72  6:34  Marine, Marauder  
  72  6:38  Barracks x2  
  72  6:39  Terran Infantry Armor Level 1, Widow Mine  
  76  6:40  Widow Mine  
  76  6:42  Armory  
  76  6:44  SCV  
  76  6:45  SCV  
  80  6:48  Marine  
  80  6:53  Supply Depot, Marauder  
  83  6:56  SCV  
  83  6:57  SCV  
  83  7:00  Widow Mine  
  86  7:02  Orbital Command, Widow Mine  
  86  7:08  SCV, Marine, Marauder  
  91  7:09  SCV  
  93  7:17  Ghost Academy  
  93  7:18  Medivac x2  
  93  7:20  SCV  
  93  7:22  Widow Mine  
  100  7:23  Widow Mine  
  100  7:25  Marauder  
  100  7:28  SCV  
  103  7:30  Barracks Tech Lab, Barracks Reactor  
  103  7:32  SCV  
  103  7:36  Marine, Marauder  
  107  7:39  SCV  
  107  7:40  Marine  
  107  7:43  Widow Mine  
  111  7:48  SCV x2, Viking x2  
  111  7:50  Bunker  
  111  7:51  Refinery x2, Ghost  
  117  7:55  SCV  
  120  7:59  Supply Depot, Ghost  
  120  8:00  SCV  
  120  8:03  Supply Depot  
  120  8:05  SCV  
  124  8:08  SCV  
  124  8:12  SCV  
  126  8:16  Supply Depot  
  126  8:17  SCV  
  126  8:18  Ghost  
  126  8:19  Ghost  
  129  8:20  SCV  
  129  8:22  Command Center  
  129  8:25  Viking  
  134  8:30  Viking  
  136  8:36  Marine  
  136  8:37  SCV  
  136  8:38  Marine  
  136  8:39  Marine  
  138  8:46  Marine  
  138  8:48  SCV x2  
  135  8:55  Marine, Viking  
  124  8:56  Marine  
  124  9:00  Ghost, Viking  
  124  9:01  Marine, Ghost  
  124  9:02  Marine  
  134  9:03  Widow Mine x2  
  134  9:04  Marine  
  134  9:07  SCV  
  138  9:10  Supply Depot  
  138  9:12  Marine  
  138  9:13  Supply Depot  
  138  9:15  Marine, Engineering Bay  
  139  9:19  Marine  
  139  9:25  Viking  
  139  9:26  Marine, Marauder  
  139  9:29  Marauder  
  139  9:30  Marine, Marauder  
  145  9:33  Marine  
  145  9:38  Marine  
  139  9:43  Marine  
  136  9:47  Marauder  
  136  9:48  Marine  
  136  9:50  Marauder  
  136  9:51  Marine  
  136  9:52  Marauder  
  138  9:55  Marine  
  132  10:01  Marine  
  132  10:04  Medivac x2  
  132  10:06  SCV x3, Marine  
  139  10:08  Marine  
  139  10:09  Marine  
  139  10:11  Marine  
  139  10:13  Marine x2  
  144  10:18  SCV  
  144  10:19  SCV, Marine  
  133  10:24  SCV, Marine  
  133  10:26  Marauder  
  133  10:27  Marine  
  136  10:29  Marine  
  136  10:30  Planetary Fortress, Marine  
  136  10:31  SCV, Marine  
  136  10:33  Missile Turret  
  136  10:34  Medivac  
  136  10:35  SCV  
  142  10:37  Marine  
  142  10:40  Medivac  
  142  10:41  Marine  
  146  10:44  SCV, Marine  
  146  10:47  Marauder  
  146  10:48  Marine, Marauder  
  153  10:50  Starport  
  153  10:54  SCV x2  
  155  10:57  Refinery  
  155  10:58  Marine  
  155  10:59  Refinery  
Tags
 
Add a new tag
Caveats
  • Supply blocks, unpowered buildings, or Contaminate may cause inaccurate times.
  • Supply counts are checked every 10 seconds.